 Dungeon Crawl Stone Soup version 0.23.2-1-ga50397a6bc (webtiles) character file.

Game seed: 15273765528072270870

2417 FluffierThanThou the Skirmisher (level 9, 0/121 HPs)
             Began as a Minotaur Fighter on May 22, 2019.
             Was a Priest of Okawaru.
             Slain by a killer bee (9 damage)
             ... on level 8 of the Dungeon.
             The game lasted 00:12:31 (4489 turns).

FluffierThanThou the Skirmisher (Minotaur Fighter)  Turns: 4489, Time: 00:12:32

Health: 0/121      AC: 24    Str: 24    XL:     9   Next: 23%
Magic:  10/10      EV:  2    Int:  5    God:    Okawaru [***...]
Gold:   285        SH: 11    Dex: 10    Spells: 8/8 levels left

rFire    . . .     SeeInvis .   a - +0 war axe
rCold    . . .     Gourm    .   c - +0 shield
rNeg     + + +     Faith    .   (armour currently unavailable)
rPois    +         Spirit   .   (helmet currently unavailable)
rElec    .         Reflect  .   (cloak currently unavailable)
rCorr    .         Harm     .   (gloves currently unavailable)
MR       .....     NoTele   +   (boots currently unavailable)
Stlth    +.........             m - amulet of regeneration
HPRegen  0.70/turn              (no ring)
MPRegen  0.12/turn              (no ring)

@: lethally poisoned (0 -> 0), tree-form
A: (retaliatory headbutt)
a: Heroism, Renounce Religion


You were on level 8 of the Dungeon.
You worshipped Okawaru.
Okawaru was most pleased with you.
You were not hungry.
You were a tree.
You visited 2 branches of the dungeon, and saw 9 of its levels.

You collected 355 gold pieces.
You spent 70 gold pieces at shops.

Inventory:

Hand Weapons
 a - a +0 war axe (weapon)
Armour
 b - a +0 scale mail
 c - a +0 shield (worn)
 s - a +0 pair of boots (melded)
   (You found it on level 3 of the Dungeon)
 w - a +0 pair of gloves (melded)
   (You found it on level 5 of the Dungeon)
 y - the +8 ring mail of Lifelessness (melded) {rF+ Str+7}
   (You found it on level 5 of the Dungeon)

   It affects your strength (+7).
   It protects you from fire.
 A - a cursed +0 ring mail
   (You found it on level 6 of the Dungeon)
 E - a +0 cloak (melded)
   (You found it on level 7 of the Dungeon)
Jewellery
 m - an amulet of regeneration (around neck)
   (You found it on level 2 of the Dungeon)
 v - an uncursed ring of ice {unknown}
   (You found it on level 4 of the Dungeon)
Wands
 j - a wand of digging (3)
   (You found it on level 7 of the Dungeon)
 x - a wand of enslavement (9)
   (You found it on level 5 of the Dungeon)
Scrolls
 d - 3 scrolls of remove curse {@r2}
 g - 2 scrolls of fog {unknown}
 i - 5 scrolls of magic mapping
 n - a scroll of amnesia {unknown}
 o - a scroll of teleportation {@r4}
 p - a scroll of fear {unknown}
 q - a scroll of enchant armour {unknown}
 r - 2 scrolls of enchant weapon {unknown}
 t - 3 scrolls of immolation {unknown}
 D - a scroll of blinking {unknown}
 F - a scroll of summoning {unknown}
Potions
 f - 2 potions of brilliance
 h - 2 potions of agility
 u - 3 potions of cancellation
Comestibles
 e - 14 rations {!d}
 k - 3 chunks of flesh


   Skills:
 + Level 7.9 Fighting
 + Level 7.3 Axes
 + Level 7.8 Armour
 + Level 7.9 Shields
 * Level 3.6 Evocations


You had 8 spell levels left.
You didn't know any spells.
Your spell library contained the following spells:

 Spells                   Type           Power        Failure   Level  Hunger
 Poisonous Vapours        Pois/Air       #.....       89%         2    ###....
 Conjure Flame            Conj/Fire      #.......     98%         3    ####...
 Mephitic Cloud           Conj/Pois/Air  #.......     98%         3    ####...
 Freezing Cloud           Conj/Ice/Air   #.........   100%        6    #######
 Ring of Flames           Chrm/Fire      #.........   100%        7    #######


Dungeon Overview and Level Annotations

Branches:
Dungeon (8/15)             Temple (1/1) D:5
   Lair: D:8-11

Altars:
Ashenzari
Cheibriados
Dithmenos
Elyvilon
Fedhas
Gozag
Hepliaklqana
Kikubaaqudgha
Makhleb
Nemelex Xobeh
Okawaru
Qazlal
Ru
Sif Muna
Trog
Uskayaw
Vehumet
Wu Jian
Xom
Yredelemnul
Zin
The Shining One

Shops:
D:4 ?   D:7 *


Innate Abilities, Weirdness & Mutations

((You reflexively headbutt those who attack you in melee.))
((You have a pair of horns on your head.))


Message History

* * * LOW HITPOINT WARNING * * *
You are poisoned.
The killer bee poisons you!
The killer bee stings you but does no damage.
The queen bee stings you but does no damage.
The killer bee stings you but does no damage.
The killer bee stings you.
* * * LOW HITPOINT WARNING * * *
The killer bee stings you.
* * * LOW HITPOINT WARNING * * *
You nearly hit yourself!
You feel less invigorated.
You feel less confused.
You feel sick. You block the killer bee's attack.
The killer bee rages.
The killer bee stings you but does no damage.
The killer bee stings you.
* * * LOW HITPOINT WARNING * * *
The killer bee stings you but does no damage.
You block the queen bee's attack. You block the killer bee's attack.
The killer bee stings you but does no damage. x2
You hit the killer bee.
You kill the killer bee!
Okawaru accepts your kill.
You miss the killer bee. You hit the queen bee but do no damage.
You slash the killer bee!
You feel sick.
The killer bee stings you but does no damage.
You block the killer bee's attack.
The killer bee stings you but does no damage.
You block the queen bee's attack.
The killer bee stings you but does no damage.
The queen bee calls on the killer bee to defend it!
The killer bee goes berserk!
The killer bee stings you but does no damage.
You hit the killer bee.
You hit the killer bee but do no damage.
You hit the queen bee but do no damage. You barely miss the killer bee.
You feel sick.
The killer bee stings you but does no damage.
The killer bee stings you!
* * * LOW HITPOINT WARNING * * *
You block the killer bee's attack.
The killer bee stings you but does no damage.
The killer bee barely misses you.
The killer bee stings you but does no damage.
You block the killer bee's attack. The killer bee completely misses you.
The queen bee stings you.
* * * LOW HITPOINT WARNING * * *
You miss the killer bee. You slash the killer bee! You hit the queen bee.
You closely miss the killer bee.
You feel sick. The killer bee stings you!
You die...

.# #.##.# . y## #.##.#
#. #.. #....# ###.. #..
##..######....
yy########...####....#
yy.##...).....##....#
###.##.........##....# #
#.†.†#yy........#....#.#
#....yy♣.........##.#...
#....yy.#.............#
#....##>#.##)####..####
#.........##.####.<####.
#....##....#..))........
#....#...#.....)).#####.
#....#...##..#.#.##
#....#...........#
######...###.......


You could see a queen bee and 5 killer bees.

Vanquished Creatures
  Sigmund (D:6)
  A hungry ghost (D:7)
  2 ice beasts
  An orc warrior (D:8)
  A sky beast (D:6)
  4 centaurs
  A wyvern skeleton (D:4)
  A water moccasin skeleton (D:7)
  10 killer bees (D:8)
  2 howler monkeys
  A bullfrog zombie (D:5)
  A hound (D:4)
  3 orc priests
  A bullfrog skeleton (D:7)
  A centaur skeleton (D:5)
  9 orc wizards
  An iguana (D:5)
  6 worker ants
  3 hound zombies
  2 worker ant zombies
  A howler monkey skeleton (D:4)
  3 adders
  A shadow imp (D:7)
  An ooze (D:1)
  2 adder skeletons
  A worm (D:2)
  2 dart slugs (D:1)
  2 leopard geckos
  27 orcs
  3 giant cockroaches
  5 goblins
  6 hobgoblins
  6 jackals
  8 bats
  6 frilled lizards
  10 kobolds
  A quokka skeleton (D:3)
  8 rats
145 creatures vanquished.

Notes
Turn   | Place    | Note
-------+----------+-------------------------------------------
     0 | D:1      | FluffierThanThou the Minotaur Fighter began the quest for
                  | the Orb.
     0 | D:1      | Reached XP level 1. HP: 19/19 MP: 0/0
    70 | D:1      | Reached XP level 2. HP: 27/27 MP: 1/1
    73 | D:1      | You fall through a shaft!
    90 | D:2      | Reached XP level 3. HP: 20/33 MP: 2/2
   968 | D:2      | Found an ornate altar of the Wu Jian Council.
  1169 | D:2      | Reached XP level 4. HP: 39/41 MP: 3/3
  1340 | D:3      | Found a stormy altar of Qazlal.
  1397 | D:3      | Found an iron altar of Okawaru.
  1405 | D:3      | Became a worshipper of Warmaster Okawaru
  1492 | D:3      | Found a shattered altar of Ashenzari.
  1509 | D:3      | Found a faded altar of an unknown god.
  1932 | D:4      | Reached XP level 5. HP: 42/47 MP: 4/4
  1961 | D:4      | Reached skill level 5 in Shields
  1995 | D:4      | Reached skill level 5 in Fighting
  1995 | D:4      | Reached skill level 5 in Armour
  2004 | D:4      | Reached XP level 6. HP: 39/56 MP: 5/5
  2172 | D:4      | Found a white marble altar of Elyvilon.
  2266 | D:4      | Found Jilusch's Magic Scroll Emporium.
  2283 | D:4      | Bought a scroll of identify for 28 gold pieces
  2283 | D:4      | Bought a scroll of remove curse for 42 gold pieces
  2434 | D:5      | Entered Level 5 of the Dungeon
  2543 | D:5      | Reached * piety under Okawaru
  2676 | D:5      | Reached XP level 7. HP: 32/62 MP: 6/6
  2717 | D:5      | Reached skill level 5 in Axes
  2790 | D:5      | Got a fine ring mail
  2793 | D:5      | Found a staircase to the Ecumenical Temple.
  2811 | Temple   | Entered the Ecumenical Temple
  3387 | D:6      | Reached ** piety under Okawaru
  3420 | D:6      | Identified the +8 ring mail of Lifelessness {rF+ Str+7}
                  | (You found it on level 5 of the Dungeon)
  3439 | D:6      | Reached XP level 8. HP: 67/71 MP: 7/7
  3468 | D:6      | Noticed Sigmund
  3472 | D:6      | Killed Sigmund
  3506 | D:6      | Reached skill level 1 in Evocations
  3534 | D:6      | Found a hide-covered altar of Uskayaw.
  3943 | D:7      | Found Piwnotti's General Store.
  4385 | D:8      | Reached *** piety under Okawaru
  4432 | D:8      | Reached XP level 9. HP: 48/80 MP: 10/10
  4456 | D:8      | Noticed a queen bee
  4482 | D:8      | HP: 5/121 [queen bee (2)]
  4489 | D:8      | Slain by a killer bee

Skill      XL: |  1  2  3  4  5  6  7  8  9 |
---------------+----------------------------+-----
Fighting       | 4 5 6 7 |  7.9
Shields        | 4 5 6 7 |  7.9
Axes           | 3 4 5 7 |  7.3
Armour         | 4 5 6 7 |  7.8
Evocations     | 2 3 |  3.6

Action                   |  1- 3 |  4- 6 |  7- 9 || total
-------------------------+-------+-------+-------++-------
Melee: War axe           |    92 |   129 |   149 ||   370
       Headbutt          |    15 |    22 |    31 ||    68
Invok: Heroism           |       |       |     3 ||     3
  Use: Potion            |     1 |     1 |     6 ||     8
       Scroll            |       |       |     8 ||     8
  Eat: Chunk             |     1 |     5 |     9 ||    15
Armor: Scale mail        |    44 |    67 |    16 ||   127
       Ring mail         |       |       |    58 ||    58
       Skin              |       |       |    65 ||    65
Dodge: Dodged            |    21 |    42 |    85 ||   148
Block: Shield            |    52 |    88 |   142 ||   282
